Map: Void Thrashing

Players

BunnyLove

  • Race: Terran Terran

Elyssaen

  • Race: Terran Terran
  • Spawn Location: 6:00

VOD

Have the link to the VOD?

Description

Time

  • Played on: March 22, 2018, 9:37 a.m.
  • Length: 15:52
Show
View Real Time Build Order
Export as new Build Order

BunnyLove Terran 

Build Orders:  

Get SALT Encoding   

  12  0:05  Starport Tech Lab  
  12  0:08  SCV  
  13  0:25  SCV  
  13  0:27  Supply Depot  
  15  0:42  SCV  
  16  1:02  SCV  
  16  1:23  Command Center  
  17  1:33  SCV  
  18  1:50  SCV  
  18  1:55  Assault Galleon  
  18  2:07  SCV  
  19  2:18  Refinery  
  20  2:24  SCV  
  20  2:35  Engineering Bay  
  21  2:41  SCV  
  21  2:48  Refinery  
  21  2:58  SCV  
  21  2:59  Reaper  
  23  3:09  Reaper  
  24  3:15  SCV  
  24  3:19  Reaper  
  27  3:22  SCV  
  27  3:25  Supply Depot  
  28  3:32  SCV  
  28  3:36  Reaper  
  28  3:39  SCV  
  30  3:49  SCV  
  31  4:05  Command Center  
  31  4:06  SCV  
  33  4:11  SCV  
  34  4:20  Jetpack Overdrive  
  34  4:23  SCV  
  34  4:28  SCV  
  36  4:40  SCV  
  36  4:45  SCV  
  36  4:48  Assault Galleon  
  37  4:57  SCV  
  39  5:02  SCV  
  39  5:06  Assault Galleon  
  40  5:14  SCV  
  41  5:21  SCV  
  41  5:23  LE9 Cluster Charges  
  41  5:29  Assault Galleon  
  42  5:31  SCV  
  42  5:33  Assault Galleon  
  42  5:38  SCV  
  43  5:45  Theia Raven  
  43  5:47  SCV  
  46  5:55  SCV  
  48  6:04  SCV  
  48  6:05  Reaper x2  
  51  6:11  Supply Depot  
  51  6:12  SCV  
  51  6:15  Reaper  
  51  6:17  Reaper  
  54  6:21  SCV  
  54  6:25  Reaper  
  54  6:29  SCV  
  56  6:38  SCV  
  56  6:39  Reaper  
  58  6:42  Reaper x2  
  58  6:43  Reaper x2  
  58  6:44  Armory  
  58  6:49  Reaper  
  63  6:52  Reaper  
  64  7:09  Reaper x2  
  66  7:13  Reaper  
  66  7:14  Reaper x2  
  66  7:18  Reaper  
  70  7:21  Reaper  
  70  7:23  Reaper x2  
  70  7:32  Reaper  
  70  7:33  Reaper x2, Supply Depot  
  70  7:37  Reaper  
  70  7:38  Reaper  
  72  7:42  Reaper  
  72  7:43  Reaper x2  
  72  7:47  Reaper  
  72  7:48  Reaper  
  74  7:52  Reaper x2  
  74  7:53  Reaper, Supply Depot  
  74  7:57  Reaper  
  74  7:58  Reaper  
  78  8:02  Reaper x2  
  71  8:12  Reaper x2  
  71  8:16  Reaper x2  
  71  8:18  Reaper  
  73  8:21  Theia Raven, Reaper  
  73  8:22  Reaper  
  73  8:26  Reaper  
  73  8:27  Reaper  
  73  8:28  Reaper  
  79  8:31  Reaper  
  79  8:32  Reaper  
  79  8:36  Reaper  
  79  8:37  Reaper  
  79  8:38  Reaper  
  84  8:41  Reaper  
  84  8:42  Reaper  
  84  8:46  Reaper  
  84  8:47  Reaper  
  84  8:48  Reaper  
  89  8:54  Reaper x2  
  89  8:56  Reaper  
  89  8:57  Reaper  
  89  8:58  Reaper  
  94  9:04  Reaper  
  94  9:06  Reaper  
  94  9:07  Reaper  
  96  9:15  Supply Depot  
  96  9:16  Reaper x2  
  96  9:19  Reaper x2  
  99  9:27  Reaper x3  
  102  9:31  Reaper  
  102  9:32  Reaper  
  102  9:37  Reaper x2  
  99  9:41  Reaper x2  
  99  9:43  Reaper  
  99  9:47  Reaper x2  
  103  9:50  Reaper  
  103  9:56  Reaper x2  
  106  10:01  Reaper  
  106  10:02  Horner Weapons Level 1, Supply Depot  
  106  10:07  Reaper x2  
  106  10:09  Reaper  
  110  10:17  Reaper x2  
  110  10:18  Reaper  
  110  10:19  Reaper  
  114  10:24  Reaper  
  114  10:27  Reaper x2  
  114  10:29  Reaper  
  119  10:30  Reaper  
  119  10:34  Reaper  
  120  10:47  Reaper  
  120  10:48  Reaper  
  120  10:49  Reaper  
  119  10:52  Reaper x2  
  119  10:57  Reaper x2  
  119  10:58  Supply Depot  
  119  10:59  Reaper  
  124  11:02  Reaper x2  
  124  11:07  Reaper  
  127  11:15  Reaper x2  
  127  11:19  Reaper x3  
  127  11:25  Reaper x2  
  127  11:29  Reaper x3  
  129  11:35  Reaper  
  129  11:36  Reaper  
  129  11:39  Reaper x2  
  131  11:54  Reaper x4  
  131  11:55  Reaper  
  136  12:01  Theia Raven  
  136  12:04  Reaper x3  
  138  12:12  Reaper x2  
  138  12:14  Reaper  
  138  12:16  Reaper x2  
  143  12:22  Reaper x2  
  143  12:23  Reaper  
  146  12:33  Reaper x2  
  146  12:34  Reaper x2  
  146  12:36  Reaper  
  149  12:43  Reaper  
  149  12:44  Reaper x3  
  149  12:47  Reaper  
  150  12:55  Reaper x2  
  150  12:56  Reaper x2  
  153  13:18  Reaper x3  
  153  13:19  Reaper x2  
  158  13:29  Reaper  
  158  13:35  Reaper  
  158  13:37  Reaper  
  158  13:39  Reaper x2  
  158  13:45  Reaper  
  158  13:47  Reaper  
  158  13:49  Reaper x2  
  150  13:55  Reaper  
  150  13:57  Reaper  
  150  13:59  Reaper x2  
  152  14:05  Reaper  
  152  14:06  Reaper  
  152  14:09  Reaper x2  
  153  14:16  Supply Depot  
  153  14:17  Supply Depot  
  153  14:18  Reaper  
  154  14:21  Reaper x2  
  154  14:24  Reaper  
  154  14:28  Reaper  
  157  14:31  Reaper x2  
  157  14:34  Reaper  
  158  14:46  Reaper  
  159  14:50  Reaper  
  159  14:51  Reaper x2  
  146  15:01  Reaper  
  146  15:08  Reaper  
  146  15:09  Reaper  
  118  15:11  Deimos Viking  
  118  15:12  Reaper  
  118  15:18  Reaper  
  118  15:19  Reaper  
  129  15:22  Reaper  
  129  15:28  Reaper  
  129  15:29  Reaper  
Show
View Real Time Build Order
Export as new Build Order

Elyssaen Terran 

Build Orders:  

Get SALT Encoding   

  12  0:09  SCV  
Tags
 
Commander
HornerRaynor
Matchup
Co-op
Replay Pack
Co-op Speedrun
Add a new tag
Caveats
  • Supply blocks, unpowered buildings, or Contaminate may cause inaccurate times.
  • Supply counts are checked every 10 seconds.